 Dungeon Crawl Stone Soup version 0.31-a0-232-gb1c03b2570 (webtiles) character file.

Game seed: 3347808754678305685

33 qw the Shooter (level 3, -1/29 HPs)
             Began as a Minotaur Hexslinger on July 7, 2023.
             Slain by a goblin
             ... wielding a +1 dagger of venom
              (2 damage)
             ... on level 1 of the Dungeon.
             The game lasted 00:00:22 (877 turns).

qw the Shooter (Minotaur Hexslinger)                 Turns: 877, Time: 00:00:22

Health: -1/29      AC:  3    Str: 12    XL:     3   Next: 12%
Magic:  3/3        EV: 12    Int: 10    God:
Gold:   29         SH:  0    Dex: 14    Spells: 3/4 levels left

rFire   . . .        Y - +1 sling
rCold   . . .        (no shield)
rNeg    . . .        c - +0 robe
rPois   .            (helmet restricted)
rElec   .            i - +0 cloak
rCorr   .            (no gloves)
SInv    .            (no boots)
Will    .....        (no amulet)
Stlth   +            (no ring)
HPRegen 0.24/turn    (no ring)
MPRegen 0.08/turn

%: no passive effects
@: lethally poisoned (-1 -> -17)
A: horns 2, retaliatory headbutt
a: no special abilities


You were on level 1 of the Dungeon.
You visited 1 branch of the dungeon, and saw 2 of its levels.

You collected 29 gold pieces.


Innate Abilities, Weirdness & Mutations

You have a pair of horns on your head.
You reflexively headbutt those who attack you in melee.


   Skills:
 - Level 2.0 Fighting
 + Level 3.7 Ranged Weapons
 - Level 2.1 Dodging
 - Level 1.0 Spellcasting
 - Level 2.0 Hexes


You had 3 spell levels left.
You knew the following spells:

 Your Spells              Type           Power      Damage    Failure   Level
a - Slow                  Hex            16%        N/A       16%         1

Your spell library contained the following spells:

 Spells                   Type           Power      Damage    Failure   Level
 Inner Flame              Hex/Fire       2%         N/A       56%         3
 Portal Projectile        Hex/Tloc       4%         N/A       56%         3
 Cause Fear               Hex            2%         N/A       83%         4

Inventory:

Hand Weapons
 Y - a +1 sling (weapon)
Armour
 c - a +0 robe (worn)
 i - a +0 cloak (worn)
Potions
 d - a potion of curing
 f - a potion of might {unknown}
 h - a potion of lignification {unknown}
 k - a potion of mutation {unknown}

Dungeon Overview and Level Annotations

Branches:
Dungeon (2/15)

Altars:

Annotations:
D:2 Ijyb


Message History

The jackal closely misses you. The jackal misses you.
You shoot a sling bullet.
The sling bullet barely misses the jackal.
You feel sick. The jackal barely misses you. You furiously retaliate!
You headbutt the jackal. The goblin barely misses you. The jackal misses you.
You furiously retaliate!
You headbutt the jackal.
You kill the jackal!
The jackal bites you but does no damage.
873 ||| STAIRDANCE You feel sick.
The jackal bites you. The jackal barely misses you. The goblin misses you.
The goblin hits you with a +0 dagger. x2
The jackal bites you but does no damage.
The jackal closely misses you.
You climb upwards.
You feel sick.
There is a stone staircase leading down, spattered with blood here.
Enter note:
Enter note:
Enter note: You shoot a sling bullet.
The sling bullet hits the goblin.
You kill the goblin!
You feel sick.
The goblin hits you with a +1 dagger of venom.
You are more poisoned.
The jackal barely misses you. The jackal bites you.
The goblin hits you with a +1 dagger of venom.
You are lethally poisoned!
You shoot a sling bullet. The sling bullet misses the jackal.
You feel very sick. The jackal barely misses you. You furiously retaliate!
You headbutt the jackal.
The jackal bites you but does no damage. x2
The goblin hits you with a +1 dagger of venom.
You are more poisoned.
You shoot a sling bullet.
The sling bullet closely misses the jackal.
You feel very sick. The jackal barely misses you. You furiously retaliate!
You headbutt the jackal.
You kill the jackal!
The jackal closely misses you.
The goblin hits you with a +1 dagger of venom.
You die...

# #...# #..#..........# ##
###.# #..#..........# .#
#.########..#####...##.# .#
#.#.........# ###.##.# .#
#.#.######.## #.##.# .# #.#)#
#.# #.##.# .# #.#.# #g#
##.##.#
.#####.#.######g#######...#.#
..............#h@)......#...#
..####.######.#########...###
#.###########.## ##.##
#..............#########.#
#############............# #
#%############ # #.# # #.# #
#.#


You could see a jackal and 2 goblins.

Vanquished Creatures
  A dart slug (D:1)
  An endoplasm (D:1)
  4 hobgoblins (D:1)
  3 jackals
  2 quokkas (D:1)
  2 ball pythons (D:1)
  A bat (D:1)
  2 frilled lizards (D:1)
  6 goblins
  3 kobolds (D:1)
  6 rats (D:1)
31 creatures vanquished.

Notes
Turn   | Place    | Note
-------+----------+-------------------------------------------
     0 | D:1      | qw the Minotaur Hexslinger began the quest for the Orb.
     0 | D:1      | Reached XP level 1. HP: 16/16 MP: 1/1
     0 | D:1      | 0 ||| qw: Version: 0.3-a-46-gb1f654a
     0 | D:1      | 0 ||| qw: Game counter: 2739
     0 | D:1      | 0 ||| qw: Melee chars always use a shield: true
     0 | D:1      | 0 ||| qw: God list: Okawaru
     0 | D:1      | 0 ||| qw: Allow faded altars: false
     0 | D:1      | 0 ||| qw: Do Orc after clearing Dungeon:15 true
     0 | D:1      | 0 ||| qw: Do second Lair branch before Depths: true
     0 | D:1      | 0 ||| qw: Lair rune preference: random
     0 | D:1      | 0 ||| qw: Goals: Normal
     0 | D:1      | 0 ||| PLANNING D:1-11
   126 | D:1      | Reached skill level 3 in Ranged Weapons
   129 | D:1      | Reached XP level 2. HP: 23/23 MP: 2/2
   821 | D:1      | 821 ||| UPGRADING to +0 cloak.
   826 | D:1      | 826 ||| READING scroll labelled TOSU REVERAOTZ.
   830 | D:1      | 830 ||| READING 2 scrolls labelled SYOZIZ JICIAHE.
   831 | D:1      | 831 ||| READING scroll labelled NUILOE QISIA.
   832 | D:1      | 832 ||| READING scroll labelled LEMETUIWIUS.
   833 | D:1      | 833 ||| DRINKING 2 orange potions.
   834 | D:1      | 834 ||| DROPPING scroll of poison.
   835 | D:1      | 835 ||| DROPPING scroll of blinking.
   868 | D:2      | Reached XP level 3. HP: 29/29 MP: 3/3
   868 | D:2      | Noticed Ijyb
   873 | D:2      | 873 ||| STAIRDANCE
   876 | D:1      | HP: 6/29 [goblin/+1 dagger of venom (2)]
   877 | D:1      | HP: 1/29 [poisoned by a goblin]
   877 | D:1      | Slain by a goblin

Levels and vault maps discovered:
D:1:      psy_arrival_radial01, layout_loops_ring, nrook_mini_backslash
D:2:      kennysheep_the_goblin_king, layout_rooms, basic_altar,
          roderic_lattice_a, uniq_crazy_yiuf_cottage, uniq_robin

Skill      XL: |  1  2 |
---------------+-------+-----
Ranged Weapons | 3 |  3.7
Fighting       | 2 |  2.0
Dodging        | |  2.1
Spellcasting   | |  1.0
Hexes          | |  2.0

Action                     || total
---------------------------++-------
   Fire: Sling             ||    87
    Use: Scroll            ||     4
         Potion            ||     1
 Armour: Robe              ||     9
  Dodge: Dodged            ||    32

Table legend:
 A = Non-vault XP
 B = Vault XP
 C = Vault XP percentage of total XP
 D = Non-vault monster count
 E = Vault monster count
 F = Vault count percentage of total count
                 A         B        C        D         E       F
            +---------+---------+-------+---------+---------+-------
      Total |      46 |       4 |   8.0 |      29 |       2 |   6.5
            +---------+---------+-------+---------+---------+-------
        D:1 |      42 |       2 |   4.5 |      27 |       1 |   3.6
        D:2 |       4 |       2 |  33.3 |       2 |       1 |  33.3
            +---------+---------+-------+---------+---------+-------
